 Dungeon Crawl Stone Soup version 0.28-a0-32-g8dfe7f97f6 (webtiles) character file.

Game seed: 11798990615984300211

4 freelancePsychic the Chopper (level 1, -3/20 HPs)
             Began as a Hill Orc Chaos Knight on July 28, 2021.
             Slain by an adder (4 damage)
             ... on level 2 of the Dungeon.
             The game lasted 00:01:01 (265 turns).

freelancePsychic the Chopper (Hill Orc Chaos Knight) Turns: 265, Time: 00:01:01

Health: -3/20      AC:  5    Str: 14    XL:     1   Next: 70%
Magic:  1/1        EV: 11    Int: 12    God:
Gold:   8          SH:  0    Dex: 10    Spells: 0/0 levels left

rFire   . . .      SeeInvis .   a - +0 hand axe (chaos)
rCold   . . .      Faith    .   (no shield)
rNeg    . . .      Spirit   .   e - +2 leather armour
rPois   .          Reflect  .   (no helmet)
rElec   .          Harm     .   (no cloak)
rCorr   .          Rampage  .   (no gloves)
Will    .....                   (no boots)
Stlth   +.........              (no amulet)
HPRegen 0.06/turn               (no ring)
MPRegen 0.07/turn               (no ring)

@: lethally poisoned (-3 -> -15)
A: no striking features
a: no special abilities


You were on level 2 of the Dungeon.
You visited 1 branch of the dungeon, and saw 2 of its levels.

You collected 8 gold pieces.

Inventory:

Hand Weapons
 a - a +0 hand axe of chaos (weapon)
 b - a +0 hunting sling
Armour
 e - a +2 leather armour (worn)
Scrolls
 d - a scroll of teleportation {unknown}
Potions
 c - 2 potions of heal wounds {unknown}


   Skills:
 + Level 3.7 Fighting
 * Level 4.3 Axes
 - Level 2.1 Armour
 - Level 0.7 Dodging


You couldn't memorise any spells.
You didn't know any spells.
Your spell library was empty.

Dungeon Overview and Level Annotations

Branches:
Dungeon (1/15)

Altars:


Message History

No target in view!
No target in view!
No target in view!
No target in view!
No target in view!
No target in view!
No target in view!
No target in view!
No target in view!
No target in view!
You barely miss something. Something bites you.
You are poisoned.
Something poisons you! Something bites you but does no damage.
You barely miss something.
You feel sick. Something bites you but does no damage.
You completely miss something.
You feel sick. Something bites you but does no damage.
You closely miss something.
You feel sick. Something bites you but does no damage. Something bites you.
You miss something.
You feel sick. Something bites you but does no damage.
You closely miss something.
You feel sick. Something bites you but does no damage. Something bites you.
You completely miss something.
You feel sick.
You are no longer poisoned.
Something barely misses you.
You hit something. Something bites you but does no damage.
You closely miss something. Something bites you but does no damage.
Something bites you.
You are lethally poisoned!
Something poisons you!
You completely miss something.
* * * LOW HITPOINT WARNING * * *
You feel sick. Something bites you but does no damage.
You miss something.
* * * LOW HITPOINT WARNING * * *
You feel sick. Something bites you.
* * * LOW HITPOINT WARNING * * *
You are more poisoned.
Something poisons you! Something bites you.
You die...

#....# #....#
#....# #....#
#...####
#......###
#...##...###
#
#.@........##
#.#
#{#..####...#
#.# #.##.##
#...### #.#
#. #..#
###...###..
#. ##.#
#...##... #.
#.# ##......#
#. #.#
##..##.# #.
#.# ##.....#
#..
..<........


There were no monsters in sight!

Vanquished Creatures
  3 hobgoblins (D:2)
  A rat (D:2)
4 creatures vanquished.

Notes
Turn   | Place    | Note
-------+----------+-------------------------------------------
     0 | D:1      | freelancePsychic the Hill Orc Chaos Knight began the quest
                  | for the Orb.
     0 | D:1      | Reached XP level 1. HP: 19/19 MP: 1/1
     0 | D:1      | Fell from the grace of Xom
    18 | D:1      | You fall into a shaft and drop 1 floor!
   265 | D:2      | HP: 1/20 [something (3)]
   265 | D:2      | Slain by an adder

Illustrated notes

Levels and vault maps discovered:
D:1:      erik_arrival_cave_to_civilisation [erik_arrival_cave_to_temple],
          layout_basic, hellmonk_ecumenical_altar_run_dry
D:2:      layout_rooms, basic_altar, uniq_crazy_yiuf_cottage

Action                   || total
-------------------------++-------
Melee: Hand axe          ||    22
Invok: Renounce Religion ||     1
Armor: Leather armour    ||    13
Dodge: Dodged            ||     5

Table legend: (Time is in decaauts)
 A = Elapsed time spent in this place.
 B = Non-inter-level travel time spent in this place.
 C = Inter-level travel time spent in this place.
 D = Time resting spent in this place.
 E = Time spent auto-exploring this place.
 F = Levels seen in this place.
 G = Mean time per level.
                   A        B        C        D        E       F      G
               +--------+--------+--------+--------+--------+-----+--------+
         Total |    266 |    266 |      0 |    177 |     43 |   2 |  133.0 |
       Dungeon |    266 |    266 |      0 |    177 |     43 |   2 |  133.0 |
               +--------+--------+--------+--------+--------+-----+--------+

Top non-repeatable levels by time:
     D:2: 248 daAuts
     D:1: 18 daAuts
